 Dungeon Crawl Stone Soup version 0.19.1 (webtiles) character file.

15240 markt42 the Severer (level 12, -1/104 HPs)
             Began as a Hill Orc Fighter on Dec 6, 2016.
             Was a High Priest of Okawaru.
             Slain by a hill giant
             ... wielding a +0 giant spiked club
              (22 damage)
             ... on level 12 of the Dungeon.
             The game lasted 00:21:08 (13405 turns).

markt42 the Severer (Hill Orc Fighter)             Turns: 13405, Time: 00:21:09

Health: -1/104     AC: 27    Str: 23    XL:     12   Next: 24%
Magic:  12/12      EV:  8    Int:  8    God:    Okawaru [*****.]
Gold:   800        SH: 11    Dex: 13    Spells: 0 memorised, 11 levels left

rFire  + . .     SeeInvis .     A - +0 broad axe
rCold  . . .     Gourm    .     i - +1 plate armour
rNeg   . . .     Faith    .     c - +0 shield
rPois  .         Spirit   .     (helmet restricted)
rElec  .         Reflect  .     I - +2 cloak
rCorr  .         Harm     .     B - +2 pair of gloves
MR     .....     Rnd*Tele +     d - +2 pair of boots
Stlth  ..........               (no amulet)
                                y - +3 ring of slaying
                                o - ring of protection from fire

@: no status effects
A: antennae 1, talons 1, repulsion field 1, icy blue scales 1, thin skeletal
structure 1, teleportitis 1
a: Heroism, Finesse, Renounce Religion


You were on level 12 of the Dungeon.
You worshipped Okawaru.
Okawaru was extremely pleased with you.
You were near starving.

You visited 2 branches of the dungeon, and saw 13 of its levels.
You also visited: Sewer.

You collected 800 gold pieces.

Inventory:

Hand Weapons
 A - a +0 broad axe (weapon)
Armour
 c - a +0 shield (worn)
 d - a +2 pair of boots (worn)
 i - a +1 plate armour (worn)
 B - a +2 pair of gloves (worn)
 I - a +2 cloak (worn)
Jewellery
 o - a ring of protection from fire (left hand)
 t - an uncursed ring of protection from cold
 y - a +3 ring of slaying (right hand)
Wands
 b - a wand of random effects (28/48)
 w - a wand of paralysis (17/24)
 z - a wand of confusion (1/48)
 D - a wand of lightning (0/15)
 K - a wand of random effects (30/48)
 L - a wand of iceblast (0/15)
Scrolls
 e - 8 scrolls of teleportation
 j - 3 scrolls of identify
 k - 2 scrolls of blinking
 m - 2 scrolls of recharging
 q - a scroll of holy word {unknown}
 s - 4 scrolls of remove curse
 v - 4 scrolls of amnesia
Potions
 a - a potion of might
 l - a potion of heal wounds
 p - 3 potions of brilliance
 r - a potion of invisibility {unknown}
 u - 3 potions of degeneration
 x - a potion of flight
 C - 2 potions of ambrosia
Comestibles
 f - 9 bread rations
 g - 10 fruits
 h - 4 meat rations
 n - 6 beef jerkies


   Skills:
 + Level 9.0 Fighting
 * Level 18.2 Axes
 + Level 8.8 Armour
 + Level 1.2 Dodging
 + Level 8.4 Shields
 + Level 0.6 Evocations


You had 11 spell levels left.
You didn't know any spells.

Dungeon Overview and Level Annotations

Branches:
Dungeon (12/15)            Temple (1/1) D:5            Lair (0/6) D:8
    Orc (0/2) D:11

Altars:
Ashenzari
Cheibriados
Dithmenos
Elyvilon
Fedhas
Gozag
Hepliaklqana
Kikubaaqudgha
Makhleb
Nemelex Xobeh
Okawaru
Qazlal
Ru
Sif Muna
Trog
Uskayaw
Vehumet
Xom
Yredelemnul
Zin
The Shining One

Shops:
D:6 }   D:8 =   D:10 =   D:11 *


Innate Abilities, Weirdness & Mutations

You have a pair of small antennae on your head.
You have sharp toenails.
You are surrounded by a mild repulsion field. (EV +2)
You are partially covered in icy blue scales. (AC +2)
You have a somewhat thin skeletal structure. (Dex +2, Stealth)
You are occasionally teleported next to monsters.


Message History

The hill giant is lightly wounded.
The hill giant barely misses you.
You completely miss the cyclops.
The cyclops is moderately wounded.
You hit the hill giant. The cyclops barely misses you.
You slice the cyclops!!
The cyclops is almost dead.
You hit the hill giant but do no damage.
The hill giant hits you with a giant spiked club!!
* * * LOW HITPOINT WARNING * * *
You are too injured to fight recklessly!
You are too injured to fight recklessly!
You slice the cyclops!!
You kill the cyclops!
Okawaru accepts your kill.
You barely miss the hill giant.
Your plate armour prevents you from hitting the hill giant.
The hill giant is lightly wounded.
The hill giant hits you with a giant spiked club!!
You die...

##### ..... #######
.....#############......
........................
......................##
......................#.
......†........#####..#.
......C@((.(...'...#..#.
#####.########.#...#..#.
#..# #.# #.#...#..##
#..# #.# #.#...#....
#..# #.# #.#####....
#..# #.# #..........
#..# #.# ##..######..
#..# #.# #..)# #.. #.†#
#.# #...# #..


You could see a hill giant.

Vanquished Creatures
  The ghost of TheWoodenMan the Spear-Bearer, a journeyman FoFi of Cheibriados (D:9)
  A hydra (D:10)
  A centaur warrior (D:12)
  2 unseen horrors
  2 hill giants
  2 cyclopes (D:12)
  A manticore (D:12)
  A centaur zombie (D:11)
  3 kobold demonologists (D:12)
  3 trolls
  A hornet (D:12)
  2 hippogriffs
  3 yaks (D:11)
  A steam dragon (D:10)
  A hungry ghost (D:12)
  3 wargs (D:7)
  The ghost of PubliusNaso the Shooter, an amateur HEHu (D:4)
  Duvessa (D:7)
  A water moccasin (D:8)
  4 sky beasts
  4 ice beasts
  2 phantoms
  2 black bears
  7 orc warriors
  8 ogres
  8 centaurs
  3 big kobolds
  6 bullfrogs
  Dowan (D:7)
  A water moccasin zombie (D:9)
  2 water moccasin skeletons
  5 scorpions
  8 killer bees (D:9)
  7 wights
  2 howler monkeys (D:10)
  4 crimson imps
  7 hounds
  A lava snake (D:9)
  2 jellies
  11 orc priests
  3 bullfrog skeletons
  A bullfrog zombie (D:10)
  2 centaur skeletons
  An iguana (D:8)
  10 orc wizards
  5 worker ants
  A hound skeleton (D:9)
  A howler monkey zombie (D:11)
  10 adders
  7 gnolls
  A howler monkey skeleton (D:4)
  3 river rats (D:4)
  5 shadow imps
  6 oozes
  2 adder skeletons
  2 worms
  16 leopard geckos
  38 orcs
  6 bats
  12 giant cockroaches
  10 goblins
  4 hobgoblins
  6 jackals (D:7)
  5 quokkas
  11 ball pythons
  14 frilled lizards
  15 kobolds
  2 leopard gecko skeletons
  A quokka zombie (D:9)
  8 rats
334 creatures vanquished.

Notes
Turn   | Place    | Note
-------+----------+-------------------------------------------
     0 | D:1      | markt42 the Hill Orc Fighter began the quest for the Orb.
     0 | D:1      | Reached XP level 1. HP: 19/19 MP: 1/1
     8 | D:1      | Noticed a worker ant
     8 | D:1      | Noticed a hog
     8 | D:1      | Noticed a swamp drake
     8 | D:1      | Noticed a water moccasin
   216 | D:1      | Reached XP level 2. HP: 22/27 MP: 2/2
   577 | D:1      | Reached skill level 3 in Axes
   785 | D:1      | Reached XP level 3. HP: 30/33 MP: 3/3
  1093 | D:2      | Found a white marble altar of Elyvilon.
  1586 | D:2      | Reached skill level 4 in Axes
  1586 | D:2      | Reached XP level 4. HP: 31/40 MP: 4/4
  2029 | D:3      | Reached skill level 5 in Axes
  2029 | D:3      | Reached XP level 5. HP: 14/46 MP: 5/5
  2328 | D:3      | Found a sparkling altar of Nemelex Xobeh.
  2628 | D:3      | Found a sacrificial altar of Ru.
  2637 | D:3      | Found a burning altar of Makhleb.
  2664 | D:3      | Found a basalt altar of Yredelemnul.
  2792 | D:3      | Reached skill level 6 in Axes
  2792 | D:3      | Reached XP level 6. HP: 43/52 MP: 6/6
  3427 | D:4      | Noticed PubliusNaso's ghost (amateur HEHu)
  3441 | D:4      | Killed PubliusNaso's ghost
  3441 | D:4      | Reached skill level 7 in Axes
  3627 | D:4      | Found a glowing drain.
  3655 | D:4      | Reached XP level 7. HP: 52/60 MP: 7/7
  3756 | Sewer    | Entered a sewer
  3842 | Sewer    | Reached skill level 5 in Armour
  4019 | Sewer    | Reached skill level 8 in Axes
  4371 | D:5      | Entered Level 5 of the Dungeon
  4400 | D:5      | Reached skill level 9 in Axes
  4400 | D:5      | Reached skill level 5 in Shields
  4400 | D:5      | Reached XP level 8. HP: 64/67 MP: 8/8
  4676 | D:5      | Found a staircase to the Ecumenical Temple.
  4689 | Temple   | Entered the Ecumenical Temple
  4807 | D:5      | Reached skill level 5 in Fighting
  5019 | D:5      | Reached skill level 10 in Axes
  5297 | D:5      | Found a blossoming altar of Fedhas.
  5606 | D:6      | Found a shattered altar of Ashenzari.
  5637 | D:6      | Found a hide-covered altar of Uskayaw.
  5710 | D:6      | Found Naomp's Gadget Emporium.
  5868 | D:6      | Reached skill level 11 in Axes
  6017 | D:6      | Reached XP level 9. HP: 74/74 MP: 9/9
  6720 | D:6      | Reached skill level 12 in Axes
  7182 | D:7      | Noticed Duvessa
  7183 | D:7      | Noticed Dowan
  7188 | D:7      | Killed Duvessa
  7193 | D:7      | Killed Dowan
  7627 | D:7      | Reached skill level 13 in Axes
  7828 | D:8      | Found a staircase to the Lair.
  7846 | D:8      | Found a shadowy altar of Dithmenos.
  8032 | D:8      | Reached XP level 10. HP: 81/84 MP: 10/10
  8064 | D:8      | Found a stormy altar of Qazlal.
  8330 | D:8      | Reached skill level 14 in Axes
  8487 | D:8      | Found an iron altar of Okawaru.
  8495 | D:8      | Became a worshipper of Warmaster Okawaru
  8508 | D:8      | Got a transparent falchion
  8509 | D:8      | Identified the +2 falchion of Taxation {slice, rElec} (You found it on level 8 of the Dungeon)
  8656 | D:8      | Found Riesa's Jewellery Shop.
  9532 | D:9      | Noticed TheWoodenMan's ghost (journeyman FoFi)
  9550 | D:9      | Killed TheWoodenMan's ghost
  9550 | D:9      | Reached * piety under Okawaru
  9550 | D:9      | Reached skill level 15 in Axes
  9932 | D:9      | Gained mutation: Your magical capacity is low. (-10% MP) [potion of mutation]
  9932 | D:9      | Lost mutation: Your magical capacity is low. (-10% MP) [potion of mutation]
  9932 | D:9      | Gained mutation: You are occasionally teleported next to monsters. [potion of mutation]
 10001 | D:10     | Entered Level 10 of the Dungeon
 10396 | D:10     | Found Qyssi's Jewellery Shoppe.
 10418 | D:10     | Gained mutation: You are partially covered in icy blue scales. (AC +2) [potion of mutation]
 10418 | D:10     | Gained mutation: You are surrounded by a mild repulsion field. (EV +2) [potion of mutation]
 10418 | D:10     | Gained mutation: You have sharp toenails. [potion of mutation]
 10419 | D:10     | Gained mutation: You have a pair of small antennae on your head. [potion of mutation]
 10419 | D:10     | Gained mutation: You have a somewhat thin skeletal structure. (Dex +2, Stealth) [potion of mutation]
 10467 | D:10     | Noticed a hill giant
 10483 | D:10     | Killed a hill giant
 10483 | D:10     | Reached ** piety under Okawaru
 10483 | D:10     | Reached XP level 11. HP: 60/92 MP: 11/11
 10706 | D:10     | Reached skill level 16 in Axes
 11052 | D:11     | Noticed a four-headed hydra
 11373 | D:10     | Killed a nine-headed hydra
 11657 | D:11     | Reached *** piety under Okawaru
 11848 | D:11     | Found Raesuowk's Assorted Antiques.
 11933 | D:11     | Reached skill level 1 in Dodging
 11996 | D:11     | Killed an unseen horror
 12309 | D:11     | Found a sparkling altar of Nemelex Xobeh.
 12317 | D:11     | You fall through a shaft!
 12394 | D:11     | Found a staircase to the Orcish Mines.
 12584 | D:12     | Noticed a hill giant
 12586 | D:12     | Noticed a cyclops
 12589 | D:12     | Reached skill level 17 in Axes
 12594 | D:12     | Killed a hill giant
 12594 | D:12     | Reached **** piety under Okawaru
 12598 | D:12     | Killed a cyclops
 12713 | D:12     | Noticed a sixfirhy
 12716 | D:12     | Noticed a sun demon
 12880 | D:12     | Noticed a centaur warrior
 12899 | D:12     | Killed a centaur warrior
 12899 | D:12     | Reached ***** piety under Okawaru
 12899 | D:12     | Reached XP level 12. HP: 94/103 MP: 12/12
 13029 | D:12     | Reached skill level 18 in Axes
 13221 | D:12     | Found a stormy altar of Qazlal.
 13405 | D:12     | Slain by a hill giant

Skill      XL: |  1  2  3  4  5  6  7  8  9 10 11 12 |
---------------+-------------------------------------+-----
Axes           | 3 4 5 6 7 9 11 13 15 17 18 | 18.2
Fighting       | 4 5 6 7 8 9 |  9.0
Armour         | 4 5 6 7 8 |  8.8
Shields        | 4 5 6 7 8 |  8.4
Dodging        | 1 |  1.2
Evocations     | |  0.6

Action                   |  1- 3 |  4- 6 |  7- 9 | 10-12 || total
-------------------------+-------+-------+-------+-------++-------
Melee: War axe           |   117 |   163 |   112 |       ||   392
       Broad axe         |       |       |   290 |   496 ||   786
Evoke: Wand              |       |       |       |     5 ||     5
  Use: Potion            |       |     4 |     1 |    14 ||    19
       Scroll            |       |     3 |     2 |    19 ||    24
  Eat: Chunk             |     2 |     4 |    12 |    11 ||    29
       Royal jelly       |       |     1 |       |       ||     1
       Beef jerky        |       |     1 |     1 |     3 ||     5
       Pizza             |       |       |       |     1 ||     1
Armor: Chain mail        |    33 |       |       |       ||    33
       Scale mail        |     3 |       |       |       ||     3
       Plate armour      |    63 |    97 |   233 |   327 ||   720
       Skin              |       |     5 |       |       ||     5
Dodge: Dodged            |    22 |    28 |    65 |    99 ||   214
Block: Shield            |    87 |   102 |   241 |   226 ||   656
